 Dungeon Crawl Stone Soup version 0.31-a0-569-g7ea453304b (webtiles) character file.

Game seed: 13761679945101982480

119 GordonOverkill the Sneak (level 5, -2/30 HPs)
             Began as a Vine Stalker Delver on Aug 18, 2023.
             Slain by a sleepcap (10 damage)
             ... on level 4 of the Dungeon.
             The game lasted 00:04:39 (2411 turns).

GordonOverkill the Sneak (Vine Stalker Delver)      Turns: 2411, Time: 00:04:40

Health: -2/30      AC:  3    Str: 14    XL:     5   Next: 3%
Magic:  0/6        EV:  2    Int: 12    God:
Gold:   122        SH:  0    Dex: 16    Spells: 4/4 levels left

rFire   . . .        a - +0 short sword
rCold   . . .        (no shield)
rNeg    . . .        b - +0 leather armour
rPois   .            (no helmet)
rElec   .            (no cloak)
rCorr   +            (no gloves)
SInv    .            (no boots)
Will    .....        (no amulet)
Stlth   +++          d - ring of resist corrosion
HPRegen 1.05/turn    (no ring)
MPRegen 0.10/turn

%: guardian spirit
@: sleeping
A: fangs 2, regeneration 1, magic shield, antimagic bite, no potion heal 2
a: no special abilities


You were on level 4 of the Dungeon.
You visited 1 branch of the dungeon, and saw 6 of its levels.

You collected 122 gold pieces.

Inventory:

Hand Weapons
 a - a +0 short sword (weapon)
Armour
 b - a +0 leather armour (worn)
Jewellery
 d - a ring of resist corrosion (left hand)
Wands
 g - a wand of digging (3)
Scrolls
 c - a scroll of fog
 e - a scroll of fear
 f - a scroll of teleportation {unknown}
 j - a scroll of brand weapon {unknown}
 k - 4 scrolls of poison {unknown}
 o - 2 scrolls of immolation {unknown}
 q - 2 scrolls of vulnerability {unknown}
 r - 3 scrolls of enchant weapon {unknown}
Potions
 i - 2 potions of enlightenment
 l - a potion of might {unknown}
 m - 5 potions of curing {unknown}
 n - 2 potions of mutation
 p - a potion of brilliance
 s - a potion of haste
 t - a potion of lignification
 u - a potion of resistance


   Skills:
 + Level 5.0 Fighting
 - Level 1.7 Short Blades
 - Level 1.5 Dodging
 - Level 6.0 Stealth


You had 4 spell levels left.
You didn't know any spells.
Your spell library was empty.

Dungeon Overview and Level Annotations

Branches:
Dungeon (6/15)             Temple (0/1) D:5

Altars:

Shops:
D:1 [

Annotations:
D:4 Menkaure


Innate Abilities, Weirdness & Mutations

You have extremely sharp teeth.
Your natural rate of healing is unusually fast.
When hurt, damage is shared between your health and your magic reserves.
Your bite disrupts and absorbs the magic of your enemies.
Potions cannot restore your health.


Message History

You bite the sleepcap, but do no damage.
The sleepcap is heavily damaged.
The sleepcap releases spores at you.
* * * LOW HITPOINT WARNING * * *
You are engulfed in a cloud of soporific spores!
You fall asleep.
The sleepcap releases spores at you!
You wake up.
* * * LOW HITPOINT WARNING * * *
You are engulfed in a cloud of soporific spores!
You are unaffected.
You hit the sleepcap but do no damage.
You bite the sleepcap, but do no damage.
The sleepcap is heavily damaged.
The sleepcap releases spores at you.
* * * LOW HITPOINT WARNING * * *
Unknown command.
You hit the sleepcap.
The sleepcap is severely damaged.
The sleepcap closely misses you.
Unknown command.
You hit the sleepcap but do no damage.
The sleepcap is severely damaged.
The sleepcap closely misses you.
Unknown command.
You hit the sleepcap but do no damage.
You bite the sleepcap, but do no damage.
The sleepcap is severely damaged.
The sleepcap releases spores at you.
* * * LOW HITPOINT WARNING * * *
You are engulfed in a cloud of soporific spores!
You are unaffected.
You hit the sleepcap.
The sleepcap is severely damaged.
The sleepcap releases spores at you.
* * * LOW HITPOINT WARNING * * *
You are engulfed in a cloud of soporific spores!
You fall asleep.
The sleepcap completely misses you. The sleepcap releases spores at you!
You die...

###### ≈≈≈≈≈ ...≈
#.≈### #.f'.# #..@.#
### #.≈#.# ##.#
....≈#.# ##..#
≈≈≈≈≈≈≈#.#
##...##########.##
###.........###....##
..'.........'.......#
###.........###....##
##....<..##.....######


You could see a sleepcap.

Vanquished Creatures
  3 adders (D:2)
  2 worms
  3 dart slugs
  An orc (D:3)
  10 bats
  9 endoplasms
  3 giant cockroaches
  7 goblins
  6 hobgoblins
  10 jackals
  2 quokkas
  3 ball pythons
  5 frilled lizards
  A kobold (D:4)
  8 rats
73 creatures vanquished.

Notes
Turn   | Place    | Note
-------+----------+-------------------------------------------
     0 | D:5      | GordonOverkill the Vine Stalker Delver began the quest for
                  | the Orb.
     0 | D:5      | Reached XP level 1. HP: 11/11 MP: 2/2
    90 | D:5      | Noticed a phantom
   124 | D:5      | Noticed an ogre
   215 | D:3      | Reached XP level 2. HP: 16/16 MP: 3/3
   377 | D:1      | Reached XP level 3. HP: 18/21 MP: 2/4
   429 | D:1      | Noticed a centaur
   495 | D:1      | Found Puin's Armour Shop.
   495 | D:1      | Noticed an animated plate armour
   498 | D:1      | Noticed an animated storm dragon scales
   624 | D:1      | Found a faded altar of an unknown god.
  1252 | D:2      | Gained mutation: Your natural rate of healing is unusually
                  | fast. [Vine Stalker growth]
  1252 | D:2      | Reached XP level 4. HP: 23/26 MP: 5/5
  1920 | D:3      | Reached skill level 5 in Fighting
  1969 | D:3      | Reached XP level 5. HP: 30/30 MP: 6/6
  2294 | D:4      | Noticed Menkaure
  2411 | D:4      | Slain by a sleepcap

Illustrated notes

Levels and vault maps discovered:
D:1:      evilmike_arrival_come_back, layout_basic,
          shapermc_ecumenical_altar_mp_highgroup, serial_shops,
          nicolae_shop_mannequins
D:2:      minmay_recursive_quarters, layout_rooms
D:3:      layout_loops_cross
D:4:      layout_loops_corners, kennysheep_generic_room_6, uniq_menkaure,
          uniq_blork_the_orc
D:5:      layout_basic, temple_fountains
D:6:      layout_loops_cross, kennysheep_flooded_box

Skill      XL: |  1  2  3  4 |
---------------+-------------+-----
Fighting       | 3 4 5 |  5.0
Short Blades   | |  1.7
Dodging        | |  1.5
Stealth        | |  6.0

Action                     |  1- 3 |  4- 6 || total
---------------------------+-------+-------++-------
  Melee: Short sword       |   161 |    96 ||   257
         Bite              |    35 |    28 ||    63
         Punch             |     2 |     2 ||     4
    Use: Scroll            |     1 |     5 ||     6
         Potion            |     1 |       ||     1
   Stab: Sleeping          |     5 |     8 ||    13
         Distracted        |     1 |     1 ||     2
 Armour: Leather armour    |    40 |    26 ||    66
  Dodge: Dodged            |    95 |    45 ||   140

Table legend: (Time is in decaauts)
 A = Elapsed time spent in this place.
 B = Non-inter-level travel time spent in this place.
 C = Inter-level travel time spent in this place.
 D = Time resting spent in this place.
 E = Time spent auto-exploring this place.
 F = Levels seen in this place.
 G = Mean time per level.
                   A        B        C        D        E       F      G
               +--------+--------+--------+--------+--------+-----+--------+
         Total |   2368 |   2267 |    101 |     44 |   1435 |   6 |  394.7 |
       Dungeon |   2368 |   2267 |    101 |     44 |   1435 |   6 |  394.7 |
               +--------+--------+--------+--------+--------+-----+--------+

Top non-repeatable levels by time:
     D:2: 722 daAuts
     D:1: 653 daAuts
     D:3: 632 daAuts
     D:4: 227 daAuts
     D:5: 98 daAuts
     D:6: 33 daAuts
